AoeStats
← TheWolf

Arabia

503691429Analyzed
1v1 RM · 29d ago on Sep 1, 2026· 25m 3s· 2 players
Game mode
Random Map
Map size
Tiny (2 player)
Population
200
Speed
Normal
Resources
Standard
Victory
Conquest
Starting age
Dark Age
Ending age
Imperial Age
RankedLock teamsTeams togetherTeam positionsShared explorationLock speedFull tech treeHidden civsTurbo modeCheats
Victory
Defeat
🇫🇷 Chinese · France
656
+31
🇲🇽 Tupi · Mexico
614
-18
GdN_Mancaji
TheWolf
0:42 Loom
15:32 Feudal Age
15:56 Horse Collar
16:06 Double-Bit Axe
16:15 Gold Mining
18:19 Wheelbarrow
19:24 Stone Mining
20:07 Town Watch
19:46 Man-at-Arms
23:16 Castle Age
24:43 Gold Shaft Mining
24:12 Caravan
24:44 Coinage
25:13 Stone Shaft Mining
24:52 Bow Saw
24:47 Heavy Plow
25:21 Hand Cart
Connection lost

Rejoining the realm…

Still unreachable

The connection could not be restored.

Session expired

The server has moved on; the page needs a fresh start.